 Seeded DCSS version 0.30-a0-359-gd0147acb1a (webtiles) character file.

Game seed: 7681821166905558736 (custom seed)

351 NinjaNoafa the Slicer (level 6, -7/47 HPs)
             Began as a Merfolk Gladiator on Nov 11, 2022.
             Mangled by a gnoll sergeant
             ... wielding a +0 spear
              (12 damage)
             ... on level 5 of the Dungeon.
             The game lasted 00:03:52 (2794 turns).

NinjaNoafa the Slicer (Merfolk Gladiator)           Turns: 2794, Time: 00:03:53

Health: -7/47      AC:  5    Str: 14    XL:     6   Next: 61%
Magic:  6/6        EV: 13    Int:  8    God:
Gold:   286        SH:  0    Dex: 17    Spells: 5/5 levels left

rFire   . . .      SeeInvis .    i - +2 dagger (elec)
rCold   . . .      Faith    .    (no shield)
rNeg    . . .      Spirit   .    b - +0 leather armour
rPois   .          Reflect  .    c - +0 helmet
rElec   .          Harm     .    (no cloak)
rCorr   .          Rampage  .    k - +0 pair of gloves
Will    .....                    (no boots)
Stlth   +.........               (no amulet)
HPRegen 0.27/turn                (no ring)
MPRegen 0.10/turn                (no ring)

@: invisible
A: (nimble swimmer 2), mertail
a: no special abilities


You were on level 5 of the Dungeon.
You visited 1 branch of the dungeon, and saw 5 of its levels.

You collected 286 gold pieces.

Inventory:

Hand Weapons
 e - a +3 dagger of holy wrath
 i - a +2 dagger of electrocution (weapon)
Missiles
 a - 45 stones (quivered)
 d - 3 throwing nets
Armour
 b - a +0 leather armour (worn)
 c - a +0 helmet (worn)
 k - a +0 pair of gloves (worn)
Wands
 n - a wand of polymorph (8)
 p - a wand of flame (18)
Scrolls
 f - 2 scrolls of teleportation
 h - 3 scrolls of blinking
 j - a scroll of amnesia {unknown}
 l - 3 scrolls of noise {unknown}
 m - 3 scrolls of magic mapping {unknown}
 o - a scroll of poison {unknown}
 t - a scroll of immolation {unknown}
Potions
 q - a potion of brilliance
 r - a potion of resistance


   Skills:
 - Level 3.0 Fighting
 + Level 8.4 Short Blades
 - Level 2.0 Throwing
 - Level 4.0 Dodging


You had 5 spell levels left.
You didn't know any spells.
Your spell library contained the following spells:

 Spells                   Type           Power      Damage    Failure   Level
 Ignite Poison            Fire/Tmut/Pois 0%         N/A       86%         3
 Inner Flame              Hex/Fire       0%         N/A       86%         3
 Kindle Blastsparks       Fire/Tloc/Air  0%         2d10      86%         3
 Cause Fear               Hex            0%         N/A       99%         4
 Sticky Flame             Conj/Fire      0%         2d3       99%         4
 Freezing Cloud           Conj/Ice/Air   0%         6-21      100%        5
 Discord                  Hex            0%         N/A       100%        8
 Ignition                 Fire           0%         3d3       100%        8


Dungeon Overview and Level Annotations

Branches:
Dungeon (5/15)
 Temple: D:4-7

Altars:
Ashenzari
Makhleb
Sif Muna

Annotations:
D:3 1 runed translucent door, billz999's ghost, amateur GnWn
D:4 Dowan; Duvessa


Innate Abilities, Weirdness & Mutations

((You are very nimble when in or above water. (Stealth+, EV+, Speed+++)))
Your lower body shifts to a powerful aquatic tail in water.


Message History

You hit the hound.
The hound is lightly wounded.
The hound bites you but does no damage.
The gnoll hits you from afar with a +0 halberd!
You closely miss the hound.
The hound is lightly wounded.
The hound barely misses you.
You hit the hound.
The hound is heavily wounded.
A gnoll comes into view. It is wielding a +0 flail.
The gnoll sergeant hits you from afar with a +0 spear.
The gnoll barely misses you. The hound bites you but does no damage.
The hound attacks as you move away! The hound bites you but does no damage.
The gnoll shouts!
You hit the hound.
The hound is severely wounded.
You hear a shout!
The hound barely misses you. The gnoll barely misses you.
A gnoll comes into view. It is wielding a +0 halberd.
You hit the hound but do no damage. Lightning courses through the hound!
You kill the hound!
The gnoll hits you but does no damage.
The gnoll sergeant hits you from afar with a +0 spear.
You see here a +0 club.
The gnoll misses you.
You see here a +0 club.
You hit the gnoll sergeant but do no damage.
The gnoll sergeant hits you with a +0 spear.
The gnoll closely misses you.
The gnoll sergeant attacks as you move away!
The gnoll sergeant hits you with a +0 spear!
* * * LOW HITPOINT WARNING * * *
The gnoll sergeant hits you from afar with a +0 spear.
* * * LOW HITPOINT WARNING * * *
Sorry, you're not good enough to have a special ability.
Okay, then.
It was a potion of invisibility.
You fade into invisibility!
The gnoll sergeant hits you from afar with a +0 spear!
You die...

### #.### #...#
#.#.##
##########....####
#.....†....#......
#@#######.###.####
#)# #.....# # #g#
####### #


#gg # .g.. # ..... # ......# # ......# .......# You could see a gnoll sergeant
(unable to see you) and 3 gnolls.

Vanquished Creatures
  An ogre (D:5)
  A scorpion (D:5)
  A hound (D:5)
  An iguana (D:4)
  An orc wizard (D:4)
  6 adders
  A gnoll (D:5)
  An ufetubus (D:4)
  4 orcs
  2 bats
  5 endoplasms
  A giant cockroach (D:4)
  6 goblins
  3 hobgoblins
  4 jackals
  5 quokkas
  5 ball pythons
  7 frilled lizards
  5 kobolds
  3 rats
63 creatures vanquished.

Notes
Turn   | Place    | Note
-------+----------+-------------------------------------------
     0 | D:1      | NinjaNoafa the Merfolk Gladiator began the quest for the
                  | Orb.
     0 | D:1      | Reached XP level 1. HP: 16/16 MP: 1/1
   245 | D:1      | Reached XP level 2. HP: 15/23 MP: 2/2
   400 | D:1      | Reached skill level 4 in Short Blades
   810 | D:2      | Reached XP level 3. HP: 16/29 MP: 3/3
  1009 | D:2      | Reached skill level 5 in Short Blades
  1439 | D:3      | Reached XP level 4. HP: 35/35 MP: 4/4
  1894 | D:3      | Found a runed translucent door.
  1894 | D:3      | Noticed billz999's ghost (amateur GnWn)
  2015 | D:4      | Found a shimmering blue altar of Sif Muna.
  2213 | D:4      | Reached skill level 6 in Short Blades
  2213 | D:4      | Reached XP level 5. HP: 37/41 MP: 5/5
  2472 | D:4      | Found a broken altar of Ashenzari.
  2542 | D:4      | Noticed Duvessa
  2542 | D:4      | Noticed Dowan
  2548 | D:4      | Dowan changed into Dowan the centaur
  2548 | D:4      | Noticed Dowan
  2552 | D:4      | HP: 2/41 [Duvessa/+4 short sword of protection (9)]
  2707 | D:4      | Found a burning altar of Makhleb.
  2721 | D:5      | Entered Level 5 of the Dungeon
  2727 | D:5      | Reached skill level 7 in Short Blades
  2759 | D:5      | Reached XP level 6. HP: 47/47 MP: 6/6
  2772 | D:5      | Reached skill level 8 in Short Blades
  2794 | D:5      | Mangled by a gnoll sergeant

Illustrated notes

Levels and vault maps discovered:
D:1:      lightli_arrival_lavapool, layout_loops_cross, kennysheep_crisscross
D:2:      layout_rooms
D:3:      layout_rooms, gammafunk_ghost_grave, wad_rectangle_vault
D:4:      layout_layer_cave, nicolae_overflow_quartered_altars,
          nicolae_sif_muna_condensation, uniq_duvessa
D:5:      layout_basic, minmay_temple_entry_arrows

Skill      XL: |  1  2  3  4  5  6 |
---------------+-------------------+-----
Fighting       | 3 |  3.0
Short Blades   | 4 5 6 7 8 |  8.4
Throwing       | |  2.0
Dodging        | |  4.0

Action                   |  1- 3 |  4- 6 || total
-------------------------+-------+-------++-------
Melee: Rapier            |    40 |       ||    40
       Dagger            |    71 |   117 ||   188
Throw: Javelin           |     1 |     2 ||     3
       Stone             |       |     1 ||     1
Evoke: Wand              |       |     3 ||     3
  Use: Potion            |     3 |     1 ||     4
       Scroll            |       |     4 ||     4
 Stab: Sleeping          |       |     1 ||     1
Armor: Leather armour    |    28 |    53 ||    81
Dodge: Dodged            |    92 |   101 ||   193

Table legend: (Time is in decaauts)
 A = Elapsed time spent in this place.
 B = Non-inter-level travel time spent in this place.
 C = Inter-level travel time spent in this place.
 D = Time resting spent in this place.
 E = Time spent auto-exploring this place.
 F = Levels seen in this place.
 G = Mean time per level.
                   A        B        C        D        E       F      G
               +--------+--------+--------+--------+--------+-----+--------+
         Total |   2737 |   2681 |     56 |      0 |   2078 |   5 |  547.4 |
       Dungeon |   2737 |   2681 |     56 |      0 |   2078 |   5 |  547.4 |
               +--------+--------+--------+--------+--------+-----+--------+

Top non-repeatable levels by time:
     D:1: 772 daAuts
     D:4: 741 daAuts
     D:2: 583 daAuts
     D:3: 579 daAuts
     D:5: 61 daAuts
